 Dungeon Crawl Stone Soup version 0.29.1-12-g30fa7ad0bf (webtiles) character file.

Game seed: 1787850298673877100

409740 LustLizard the Executioner (level 22, -3/190 HPs)
             Began as a Minotaur Fighter on Jan 7, 2023.
             Was an Elder of Cheibriados.
             Killed from afar by an oklob plant (18 damage)
             ... with a splash of acid
             ... on level 3 of the Abyss on Jan 8, 2023.
             The game lasted 01:47:27 (33671 turns).

LustLizard the Executioner (Minotaur Fighter)      Turns: 33671, Time: 01:47:29

Health: -3/190     AC: 27    Str: 42 (43) XL:     22   Next: 12%
Magic:  17/33      EV: 15    Int: 15      God:    Cheibriados [****..]
Gold:   2997       SH: 30    Dex: 21      Spells: 17/21 levels left

rFire   . . .      SeeInvis .   Z - +9 broad axe (elec)
rCold   . . .      Faith    .   p - +10 tower shield of Ignorance {rN+ Int-4}
rNeg    + . .      Spirit   .   z - +4 storm dragon scales {Bai Suzhen}
rPois   .          Reflect  .   n - +0 hat "Harit" {Str+7}
rElec   +          Harm     .   u - +2 cloak
rCorr   .          Rampage  .   B - +0 pair of gloves
Will    +....                   T - +1 pair of boots "Hajuza" {Fly}
Stlth   ..........              h - amulet of regeneration
HPRegen 1.21/turn               d - +4 ring of slaying
MPRegen 0.23/turn               I - +4 ring of protection

@: about to teleport, corroded, flying, studying Short Blades, very slow
A: horns 2, retaliatory headbutt, strong 1
}: 3/15 runes: decaying, abyssal, gossamer
a: Renounce Religion, Bend Time, Temporal Distortion, Slouch


You were on level 3 of the Abyss.
You worshipped Cheibriados.
Cheibriados was greatly pleased with you.
You visited 7 branches of the dungeon, and saw 35 of its levels.
You visited the Abyss 3 times.

You collected 3316 gold pieces.
You spent 319 gold pieces at shops.

Inventory:

Hand Weapons
 Z - a +9 broad axe of electrocution (weapon)
Missiles
 v - 5 javelins
 N - 39 poisoned darts
 R - 12 curare-tipped darts
 S - 16 boomerangs (quivered)
Armour
 n - the +0 hat "Harit" (worn) {Str+7}
   (You found it on level 2 of the Spider Nest)

   Str:       It affects your strength (+7).
 p - the +10 tower shield of Ignorance (worn) {rN+ Int-4}
   (You found it on level 11 of the Dungeon)

   Int:       It affects your intelligence (-4).
   rN:        It protects you from negative energy.
 u - a +2 cloak (worn)
 z - +4 storm dragon scales (worn) {Bai Suzhen}
 B - a +0 pair of gloves (worn)
 E - the +5 pair of gloves of the Sea {rElec rN++ Will- rCorr}
   (You took it off Nikola on level 2 of the Vaults)

   rElec:     It insulates you from electricity.
   rN:        It greatly protects you from negative energy.
   rCorr:     It protects you from acid and corrosion.
   Will:      It decreases your willpower.
 T - the +1 pair of boots "Hajuza" (worn) {Fly}
   (You acquired it on level 1 of the Lair of Beasts)

   Fly:       It grants you flight.
Jewellery
 c - a ring of poison resistance
 d - a +4 ring of slaying (left hand)
 f - a ring of resist corrosion
 h - an amulet of regeneration (around neck)
 m - a ring of positive energy
 D - the ring "Heaguw Cohin" {Ice rN+ Will+}
   (You acquired it on level 12 of the Dungeon)

   [ring of ice]

   It enhances your ice magic.
   rF:        It makes you vulnerable to fire.
   rC:        It protects you from cold.
   rN:        It protects you from negative energy.
   Will:      It increases your willpower.
 I - a +4 ring of protection (right hand)
 L - a ring of protection from fire
 X - an amulet of reflection
Wands
 b - a wand of flame (54)
 H - a wand of mindburst (22)
 P - a wand of light (13)
 Q - a wand of paralysis (32)
 U - a wand of digging (30)
 W - a wand of iceblast (38)
Scrolls
 k - 6 scrolls of immolation
 l - 2 scrolls of silence
 q - 10 scrolls of teleportation
 r - 4 scrolls of enchant armour
 w - 2 scrolls of torment
 y - 9 scrolls of poison
 C - 6 scrolls of fog
 F - a scroll of blinking
 G - 3 scrolls of fear
 M - 2 scrolls of summoning
 O - 3 scrolls of magic mapping
Potions
 a - 2 potions of might
 e - 4 potions of magic
 g - 11 potions of mutation
 i - a potion of resistance
 j - a potion of invisibility
 s - a potion of cancellation
 t - 5 potions of curing
 x - 2 potions of berserk rage
 A - 6 potions of brilliance
 J - 12 potions of ambrosia
 K - 5 potions of lignification
Miscellaneous
 V - a lightning rod (4/4)
 Y - a phial of floods


   Skills:
 - Level 14.7 Fighting
 - Level 21.8 Axes
 - Level 4.0 Throwing
 - Level 13.1 Armour
 - Level 10.3 Dodging
 - Level 14.9 Shields
 + Level 12.9 Poison Magic
 - Level 17.0 Invocations
 - Level 13.6 Evocations


You had 17 spell levels left.
You knew the following spells:

 Your Spells              Type           Power      Damage    Failure   Level
a - Olgreb's Toxic Radia  Pois           38%        N/A       12%         4

Your spell library contained the following spells:

 Spells                   Type           Power      Damage    Failure   Level
 Sting                    Tmut/Pois      76%        1d6       17%         1
 Poisonous Vapours        Pois/Air       38%        N/A       26%         2
 Spider Form              Tmut/Pois      19%        N/A       45%         3
 Beastly Appendage        Tmut           0%         N/A       94%         1
 Ensorcelled Hibernation  Hex/Ice        0%         N/A       98%         2
 Scorch                   Fire           0%         2d5       98%         2
 Wereblood                Tmut           0%         N/A       98%         2
 Corpse Rot               Necr/Pois/Air  12%        N/A       99%         4
 Alistair's Intoxication  Tmut/Pois      12%        N/A       99%         5
 Dazzling Flash           Conj/Hex       0%         N/A       100%        3
 Portal Projectile        Hex/Tloc       0%         N/A       100%        3
 Tukima's Dance           Hex            0%         N/A       100%        3
 Animate Dead             Necr           0%         N/A       100%        4
 Dispel Undead            Necr           0%         3d6       100%        4
 Flame Wave               Conj/Fire      0%         2d4       100%        4
 Fulminant Prism          Conj/Hex       0%         3d6       100%        4
 Iskenderun's Mystic Bla  Conj/Tloc      0%         2d3       100%        4
 Passage of Golubria      Tloc           0%         N/A       100%        4
 Summon Lightning Spire   Summ/Air       0%         N/A       100%        4
 Agony                    Necr           0%         N/A       100%        5
 Blade Hands              Tmut           0%         N/A       100%        5
 Borgnjor's Vile Clutch   Necr/Erth      0%         N/A       100%        5
 Lee's Rapid Deconstruct  Erth           0%         3d5*      100%        5
 Silence                  Hex/Air        0%         N/A       100%        5
 Death Channel            Necr           0%         N/A       100%        6
 Eringya's Noxious Bog    Tmut/Pois      9%         N/A       100%        6
 Simulacrum               Ice/Necr       0%         N/A       100%        6
 Summon Cactus Giant      Summ           0%         N/A       100%        6
 Haunt                    Necr/Summ      0%         N/A       100%        7
 Storm Form               Tmut/Air       0%         N/A       100%        7
 Borgnjor's Revivificati  Necr           0%         N/A       100%        8
 Infestation              Necr           0%         N/A       100%        8
 Lehudib's Crystal Spear  Conj/Erth      0%         10d2      100%        8
 Maxwell's Capacitive Co  Air            0%         ∞         100%        8
 Necromutation            Tmut/Necr      0%         N/A       100%        8
 Death's Door             Necr           0%         N/A       100%        9
 Polar Vortex             Ice            0%         N/A       100%        9


Dungeon Overview and Level Annotations

Branches:
Dungeon (15/15)            Temple (1/1) D:5            Lair (5/5) D:10
  Swamp (4/4) Lair:2       Spider (4/4) Lair:2        Slime (0/5) Lair:4
    Orc (2/2) D:9             Elf (0/3) Orc:2        Vaults (4/5) D:13
 Depths (0/4) D:15
  Crypt: Vaults:2-3

Altars:
Ashenzari
Cheibriados
Dithmenos
Elyvilon
Fedhas
Gozag
Hepliaklqana
Kikubaaqudgha
Makhleb
Nemelex Xobeh
Okawaru
Qazlal
Ru
Sif Muna
Trog
Uskayaw
Vehumet
Wu Jian
Xom
Yredelemnul
Zin
The Shining One
Jiyva

Shops:
D:13 !   D:15 :   Orc:2 ?!=*

Annotations:
D:13 Frances
Vaults:3 Margery


Innate Abilities, Weirdness & Mutations

You have a pair of horns on your head.
You reflexively headbutt those who attack you in melee.
Your muscles are strong. (Str +4, Int/Dex -1)


Message History

You feel the corruption within you wane completely.
You feel robust.
A starspawn tentacle comes into view.
You chop the starcursed mass into pieces!!!
You destroy the starcursed mass!
Cheibriados appreciates the change of pace.
You slice the starcursed mass!! You slash the starcursed mass!
You slice the starcursed mass!!
You destroy the starcursed mass!
Cheibriados appreciates the change of pace.
The starcursed mass shudders and is absorbed by its neighbour. x2
You block the starflower's attack.
The starflower tentacle-slaps you but does no damage.
You block the starflower's attack. x2; A starcursed mass splits.
You cut the starcursed mass into ribbons!!!
You destroy the starcursed mass!
Cheibriados appreciates the change of pace.
You slash the starcursed mass! You slice the starcursed mass!!
You destroy the starcursed mass!
Cheibriados appreciates the change of pace.
You can now inflict damage on those overly hasty.
Cheibriados raises the support of your attributes as your movement slows.
The starcursed mass shudders and is absorbed by its neighbour.
A cacophony of accursed wailing tears at your sanity!
* * * LOW HITPOINT WARNING * * *
A starcursed mass splits.
You block the starflower's attack. The starflower misses you.
The starflower tentacle-slaps you but does no damage.
The starflower closely misses you.
Okay, then.
You can't see any enemies this would affect, really read the scroll of fear?
Okay, then.
Blink to where?
Press: ? - help, Dir - move target
As you read the scroll of blinking, it crumbles to dust.
You block the starflower's attack.
The starflower tentacle-slaps you but does no damage. x2
The oklob plant spits acid at you. The splash of acid hits you!!
You die...

. ⌠##..#.#X.## #
♣.#♣.♣X.X♣. #.♣ #
♣.##.X#X#.X##⌠#
..⌠#PXXXP♣#X.#.
#♣.##∩X..X.X##.# #
#.#§⌠'⌠#.#♣#X#8#.#
...##.P⌠''#########...
#.....#.⌠⌠.⌠..⌠. ..⌠#
#..#.#∩@P#♣#♣ #.##. #
#.#..P#.)# . .#
#........# # #.. ##.#
..#.. #..# # .####...
#... #. .##. . . ##
.##.. #


You could see 7 starcursed masses, 3 starflowers, a tentacled starspawn and 2
oklob plants.

Vanquished Creatures
  An ancient lich (Vaults:2)
  Bai Suzhen (Spider:4)
  Saint Roka (Vaults:2)
  The ghost of Bidatih the Peltast, an adept MiBe of Trog (Vaults:2)
  Nikola (Vaults:2)
  A bone dragon (Abyss:3)
  The ghost of Feagond the Warrior, an adept HOMo of Beogh (Vaults:2)
  Zenata (Vaults:1)
  A tentacled monstrosity (Swamp:2)
  A lich (Abyss:3)
  An ancient champion (Vaults:3)
  A thorn hunter (Swamp:3)
  6 tentacled starspawn
  Agnes (Spider:1)
  A fenstrider witch (Swamp:4)
  3 emperor scorpions (Spider:4)
  6 vault wardens
  Louise (Swamp:2)
  6 ghost moths
  An orc warlord (Orc:1)
  3 broodmothers (Spider:4)
  9 ironbound preservers
  6 ironbound thunderhulks
  11 very ugly things
  A stone giant (Vaults:1)
  7 eleionomae
  The ghost of Huupob the Stormcaller, a journeyman OpAE of Gozag (Orc:1)
  17 dire elephants
  4 bunyips
  3 entropy weavers
  A deep elf annihilator (Vaults:1)
  2 spark wasps
  A fire dragon (Lair:4)
  3 deep elf high priests
  A shambling mangrove (Swamp:4)
  7 great orbs of eyes
  A spriggan air mage (Swamp:3)
  8 yaktaur captains
  A rakshasa (Abyss:3)
  8 vault guards
  4 boulder beetles
  7 ironbound frosthearts
  32 hydras
  A merfolk avatar (Lair:5)
  2 radroaches (Spider:4)
  Erica (D:11)
  6 two-headed ogres
  2 jorogumos
  11 centaur warriors
  A death knight (Vaults:3)
  19 alligators
  5 ghost crabs
  2 tengu warriors (D:15)
  3 orc high priests (Orc:2)
  2 hell knights (Vaults:3)
  A thrashing horror (Abyss:2)
  2 spriggan berserkers (Swamp:4)
  Sonja (D:11)
  A sun demon (D:12)
  Nergalle (D:11)
  2 pharaoh ants
  4 skeletal warriors (D:14)
  A fire crab (Lair:5)
  2 goliath frogs (Swamp:1)
  24 deep trolls
  6 wretched stars (Abyss:3)
  2 glowing orange brains
  2 sun moths (Spider:4)
  6 steelbarb worms
  15 swamp dragons
  6 spriggan druids
  7 orb spiders
  A shadow demon (Abyss:3)
  6 wizards
  5 bog bodies
  14 lindwurms
  4 orange crystal statues (D:11)
  12 ironbound convokers
  A wolf spider zombie (D:14)
  5 orc knights
  7 orc sorcerers
  2 deep elf pyromancers (D:15)
  4 harpies
  A shining eye (shapeshifter) (D:15)
  20 wolf spiders
  19 ugly things
  5 cyclopes
  4 manticores
  12 centaur zombies (D:14)
  5 will-o-the-wisps
  2 moths of wrath
  Maurice (D:10)
  13 elephants
  2 black mambas
  5 torpor snails
  An orange demon (Abyss:2)
  14 cane toads
  9 vault sentinels
  A rust devil (Abyss:3)
  An unseen horror (D:12)
  A smoke demon (Abyss:2)
  Psyche (D:11)
  11 komodo dragons
  2 gargoyles (D:13)
  A rime drake (shapeshifter) (D:13)
  12 rime drakes
  A tengu conjurer (D:15)
  An ice devil (Abyss:3)
  2 kobold demonologists (D:11)
  15 yaktaurs
  6 demonic crawlers
  2 efreet (Abyss:2)
  5 large abominations
  5 polar bears
  A bloated husk (Swamp:3)
  17 hornets
  8 trolls
  23 blink frogs
  17 tarantellas
  A queen bee (Spider:1)
  6 meliai
  16 tyrant leeches
  Prince Ribbit (D:8)
  A blink frog (shapeshifter) (D:15)
  15 slime creatures
  2 snapping turtles (Lair:5)
  18 jumping spiders
  18 culicivoras
  15 spriggans
  3 flying skulls (Abyss:3)
  6 wraiths
  5 wyverns
  14 starcursed masses
  2 shadows (D:10)
  50 yaks
  A ynoxinul (Abyss:2)
  2 basilisks
  46 redbacks
  Grum (Lair:1)
  18 humans (D:13)
  18 steam dragons
  A fire elemental (Abyss:2)
  16 vampire mosquitoes
  10 swamp worms
  A neqoxec (Abyss:3)
  A chaos spawn (Abyss:2)
  5 wargs
  An acid dragon (D:11)
  13 water moccasins
  10 swamp drakes
  2 hornet zombies (D:14)
  An ice beast (D:5)
  26 orc warriors
  A sky beast (D:7)
  7 boggarts
  2 black bears (D:4)
  7 centaurs
  6 ogres
  32 wolves
  4 kobold brigands
  16 bullfrogs
  6 scorpions
  A necrophage (D:5)
  A small abomination (Abyss:2)
  3 wights (D:9)
  31 killer bees
  6 electric eels
  A howler monkey (D:9)
  2 quasits
  2 hounds
  20 orc priests
  An iron imp (Abyss:3)
  2 jellies (D:5)
  3 iguanas
  20 orc wizards
  8 adders
  A shadow imp (D:6)
  A white imp (D:12)
  An ufetubus (Abyss:3)
  2 worms
  3 dart slugs
  68 orcs
  7 endoplasms
  5 giant cockroaches
  9 goblins
  13 hobgoblins
  3 jackals (D:2)
  15 kobolds
  A quokka (D:2)
  10 ball pythons
  7 bats
  4 frilled lizards
  8 rats
  A foxfire (Swamp:2)
  7 starspawn tentacles
1314 creatures vanquished.

Vanquished Creatures (others)
  A ghost moth (Spider:4)
  A pharaoh ant (Spider:2)
  An ugly thing (Vaults:2)
  2 bloated husks
  A tyrant leech (Spider:3)
  A swamp drake (Swamp:4)
  2 boggarts (Vaults:1)
  An endoplasm (D:4)
  15 foxfires
  34 fungi
  108 plants
  14 starspawn tentacles
  4 toadstools (D:3)
185 creatures vanquished.

Grand Total: 1499 creatures vanquished

Notes
Turn   | Place    | Note
-------+----------+-------------------------------------------
     0 | D:1      | LustLizard the Minotaur Fighter began the quest for the
                  | Orb.
     0 | D:1      | Reached XP level 1. HP: 19/19 MP: 0/0
   160 | D:1      | Reached skill level 3 in Axes
   316 | D:1      | Reached XP level 2. HP: 22/26 MP: 1/1
   479 | D:1      | Reached skill level 1 in Throwing
   610 | D:1      | Found a faded altar of an unknown god.
   653 | D:1      | Reached XP level 3. HP: 31/31 MP: 2/2
   952 | D:2      | Reached skill level 4 in Axes
  1376 | D:2      | Reached XP level 4. HP: 36/39 MP: 3/3
  1703 | D:3      | Identified the +8 hand axe of Oozing Pus {drain, Int+2}
  1730 | D:3      | Reached skill level 5 in Axes
  2246 | D:4      | Noticed a scorpion
  2279 | D:4      | Noticed a steam dragon
  2295 | D:4      | Noticed a black bear
  2297 | D:4      | Killed a steam dragon
  2298 | D:4      | Reached skill level 6 in Axes
  2298 | D:4      | Reached XP level 5. HP: 26/45 MP: 4/4
  2300 | D:4      | Reached XP level 6. HP: 31/51 MP: 5/5
  2378 | D:4      | Reached skill level 7 in Axes
  2462 | D:4      | Reached XP level 7. HP: 57/57 MP: 6/6
  2966 | D:4      | Reached skill level 8 in Axes
  3005 | D:5      | Entered Level 5 of the Dungeon
  3073 | D:5      | Reached skill level 9 in Axes
  3089 | D:5      | Reached skill level 5 in Fighting
  3153 | D:5      | Reached XP level 8. HP: 68/68 MP: 7/7
  3229 | D:5      | Noticed a two-headed ogre
  3235 | D:5      | Killed a two-headed ogre
  3236 | D:5      | Reached skill level 11 in Axes
  3445 | D:5      | Found a staircase to the Ecumenical Temple.
  3452 | Temple   | Entered the Ecumenical Temple
  3534 | Temple   | Became a worshipper of Cheibriados the Contemplative
  3882 | D:6      | Reached XP level 9. HP: 73/79 MP: 8/8
  4355 | D:6      | Found a glowing golden altar of the Shining One.
  4480 | D:7      | Reached skill level 12 in Axes
  4842 | D:7      | Found an opulent altar of Gozag.
  4842 | D:7      | Found a bloodstained altar of Trog.
  4842 | D:7      | Found a broken altar of Ashenzari.
  5117 | D:7      | Reached * piety under Cheibriados
  5560 | D:8      | Reached skill level 13 in Axes
  5668 | D:8      | Noticed Prince Ribbit
  5671 | D:8      | Killed Prince Ribbit
  6441 | D:8      | Reached skill level 14 in Axes
  6448 | D:8      | Reached XP level 10. HP: 91/91 MP: 9/9
  6449 | D:8      | Reached ** piety under Cheibriados
  6508 | D:8      | Found a radiant altar of Vehumet.
  6509 | D:8      | Found a hide-covered altar of Uskayaw.
  6509 | D:8      | Found a sacrificial altar of Ru.
  6520 | D:8      | Found a hazy altar of Hepliaklqana.
  6520 | D:8      | Found a glowing silver altar of Zin.
  6521 | D:8      | Found a basalt altar of Yredelemnul.
  7279 | D:9      | Reached skill level 10 in Fighting
  7291 | D:9      | Reached skill level 15 in Axes
  7469 | D:9      | Reached *** piety under Cheibriados
  7495 | D:9      | Found a staircase to the Orcish Mines.
  7996 | D:10     | Entered Level 10 of the Dungeon
  8068 | D:10     | Reached skill level 1 in Dodging
  8068 | D:10     | Reached skill level 1 in Invocations
  8081 | D:10     | Found a staircase to the Lair.
  8164 | D:10     | Noticed Maurice
  8166 | D:10     | Paralysed by Maurice for 3 turns
  8172 | D:10     | Killed Maurice
  8444 | D:10     | Noticed a two-headed ogre
  8451 | D:10     | Killed a two-headed ogre
  8452 | D:10     | Reached XP level 11. HP: 101/101 MP: 10/12
  8617 | D:10     | Got the Meditations on Congelation and Geology
  8680 | D:11     | Reached **** piety under Cheibriados
  8681 | D:11     | Reached skill level 16 in Axes
  8697 | D:11     | Noticed a two-headed ogre
  8707 | D:11     | Killed a two-headed ogre
  8717 | D:11     | Reached skill level 5 in Shields
  8840 | D:11     | Found a runed translucent door.
  8845 | D:11     | Noticed Sonja
  8855 | D:11     | Killed Sonja
  8856 | D:11     | Reached skill level 5 in Armour
  8947 | D:11     | Found the +10 tower shield of Ignorance {rN+ Int-4}
  8958 | D:11     | Found a runed translucent door.
  8986 | D:11     | Noticed an orange crystal statue
  8986 | D:11     | Noticed an orange crystal statue
  8986 | D:11     | Noticed an orange crystal statue
  8986 | D:11     | Noticed an orange crystal statue
  8996 | D:11     | Noticed an eight-headed hydra
  9033 | D:11     | Noticed Erica
  9041 | D:11     | Killed Erica
  9115 | D:11     | Noticed Psyche
  9122 | D:11     | Killed Psyche
  9316 | D:11     | Noticed Nergalle
  9327 | D:11     | Killed Nergalle
  9328 | D:11     | Reached skill level 5 in Invocations
  9879 | D:12     | Noticed an eight-headed hydra
 10037 | D:12     | Noticed an eight-headed hydra
 10124 | D:12     | Noticed a two-headed ogre
 10129 | D:12     | Killed a two-headed ogre
 10337 | Lair:1   | Entered Level 1 of the Lair of Beasts
 10461 | Lair:1   | Reached ***** piety under Cheibriados
 10464 | Lair:1   | Reached XP level 12. HP: 106/107 MP: 15/15
 10612 | Lair:1   | Noticed a five-headed hydra
 10616 | Lair:1   | Identified 3 scrolls of acquirement
 10616 | Lair:1   | Acquired a +2 broad axe of electrocution
 10665 | Lair:1   | Acquired a manual of Evocations
 10668 | Lair:1   | Acquired the +1 pair of boots "Hajuza" {Fly}
 10689 | Lair:1   | Reached skill level 5 in Dodging
 11110 | Lair:1   | Got Utiurch's Tome of Virulent Frostbite
 11335 | Lair:1   | Noticed Grum
 11344 | Lair:1   | Killed Grum
 11432 | Lair:1   | Killed a three-headed hydra
 11556 | Lair:2   | Noticed a four-headed hydra
 11564 | Lair:2   | Killed a one-headed hydra
 11670 | Lair:2   | Found a staircase to the Swamp.
 11791 | Lair:2   | Identified the +8 mace "Qocas" {vamp, Fly rPois}
 11879 | Lair:2   | Found a hole to the Spider Nest.
 11971 | Lair:2   | You are sucked into a shaft and drop 2 floors!
 12145 | Lair:4   | Found a viscous altar of Jiyva.
 12145 | Lair:4   | Found a staircase to the Slime Pits.
 12218 | Lair:4   | Reached XP level 13. HP: 111/114 MP: 18/18
 12229 | Lair:4   | Reached ****** piety under Cheibriados
 12231 | Lair:4   | Noticed a fire dragon
 12240 | Lair:4   | Killed a fire dragon
 12728 | Lair:3   | Reached skill level 10 in Invocations
 13442 | Lair:3   | Reached skill level 10 in Shields
 13483 | Lair:3   | Reached skill level 10 in Armour
 14340 | Lair:5   | Entered Level 5 of the Lair of Beasts
 14409 | Lair:5   | Reached XP level 14. HP: 101/122 MP: 21/21
 14678 | Lair:5   | Reached skill level 1 in Evocations
 14733 | Lair:5   | Reached skill level 17 in Axes
 17082 | D:13     | Reached skill level 5 in Evocations
 17103 | D:13     | Noticed Frances
 17406 | D:13     | Found a gate to the Vaults.
 17419 | D:13     | Reached XP level 15. HP: 114/130 MP: 23/23
 17594 | D:13     | Found Taym's Distillery.
 17705 | D:13     | Identified the +6 dagger "Guamu Qou" {spect, rCorr Str+4
                  | Dex-5}
 18148 | Abyss:2  | Found a corrupted altar of Lugonu.
 18148 | Abyss:2  | Cast into level 2 of the Abyss (a wizard)
 18160 | Abyss:2  | Found a corrupted altar of Lugonu.
 18188 | Abyss:2  | Noticed a tentacled starspawn
 18195 | Abyss:2  | Killed a tentacled starspawn
 18198 | Abyss:2  | Noticed a tentacled starspawn
 18202 | Abyss:2  | Killed a tentacled starspawn
 18216 | Abyss:2  | Noticed a tentacled starspawn
 18240 | Abyss:2  | Killed a tentacled starspawn
 18278 | Abyss:2  | Reached skill level 18 in Axes
 18305 | Abyss:2  | Noticed a tentacled starspawn
 18310 | Abyss:2  | Killed a tentacled starspawn
 18332 | D:14     | Escaped the Abyss
 18547 | D:14     | Found a basalt altar of Yredelemnul.
 19319 | D:15     | Entered Level 15 of the Dungeon
 19739 | D:15     | Found Hyfywnop's Book Boutique.
 19904 | D:15     | Found a staircase to the Depths.
 19911 | D:15     | Gained mutation: You sometimes lose your temper in combat.
                  | [a shining eye]
 19983 | D:15     | Lost mutation: You sometimes lose your temper in combat.
                  | [potion of mutation]
 19983 | D:15     | Gained mutation: Your body sometimes deteriorates upon
                  | taking damage. [potion of mutation]
 19983 | D:15     | Lost mutation: Your body sometimes deteriorates upon taking
                  | damage. [potion of mutation]
 19983 | D:15     | Gained mutation: Your muscles are strong. (Str +4, Int/Dex
                  | -1) [potion of mutation]
 20241 | Orc:1    | Entered Level 1 of the Orcish Mines
 20351 | Orc:2    | Entered Level 2 of the Orcish Mines
 20554 | Orc:2    | Found a staircase to the Elven Halls.
 20631 | Orc:2    | Found Wexkokhlu's General Store.
 20652 | Orc:2    | Reached XP level 16. HP: 89/139 MP: 19/25
 20653 | Orc:2    | Reached skill level 10 in Evocations
 20748 | Orc:2    | Found Pyazoly's Jewellery Shop.
 20752 | Orc:2    | Bought a scroll of teleportation for 39 gold pieces
 20755 | Orc:2    | Found Vufic's Distillery.
 20757 | Orc:2    | Found Oheifier's Magic Scroll Emporium.
 20766 | Orc:2    | Bought a scroll of summoning for 133 gold pieces
 20766 | Orc:2    | Bought a scroll of enchant weapon for 105 gold pieces
 20766 | Orc:2    | Bought a scroll of teleportation for 42 gold pieces
 20766 | Orc:2    | Acquired the ring "Heaguw Cohin" {Ice rN+ Will+}
 20923 | Orc:1    | Reached skill level 19 in Axes
 21200 | Orc:1    | Found a runed translucent gate.
 21200 | Orc:1    | Found a runed translucent gate.
 21200 | Orc:1    | Found a runed translucent gate.
 21215 | Orc:1    | Noticed Huupob's ghost (journeyman OpAE)
 21228 | Orc:1    | Killed Huupob's ghost
 21527 | Swamp:1  | Entered Level 1 of the Swamp
 22296 | Swamp:2  | Noticed a tentacled monstrosity
 22305 | Swamp:2  | Killed a tentacled monstrosity
 22512 | Swamp:2  | Noticed Louise
 22513 | Swamp:2  | Reached skill level 15 in Invocations
 22514 | Abyss:3  | Cast into level 3 of the Abyss (Louise)
 22607 | Abyss:3  | Noticed a tentacled starspawn
 22623 | Abyss:3  | Killed a tentacled starspawn
 22730 | Abyss:3  | Noticed a bone dragon
 22762 | Abyss:3  | Killed a bone dragon
 22898 | Abyss:3  | Reached XP level 17. HP: 150/150 MP: 27/27
 22928 | Swamp:2  | Escaped the Abyss
 22935 | Swamp:2  | Reached skill level 20 in Axes
 22935 | Swamp:2  | Killed Louise
 24167 | Swamp:4  | Entered Level 4 of the Swamp
 24208 | Swamp:4  | Paralysed by a fenstrider witch for 4 turns
 25641 | Swamp:4  | Got a decaying rune of Zot
 25805 | Spider:1 | Entered Level 1 of the Spider Nest
 26385 | Spider:1 | Noticed Agnes
 26395 | Spider:1 | Killed Agnes
 26817 | Spider:2 | Reached skill level 21 in Axes
 27191 | Spider:2 | Reached XP level 18. HP: 112/157 MP: 19/29
 27285 | Spider:2 | Identified the +0 hat "Harit" {Str+7}
 28497 | Spider:3 | Identified the +5 dagger "Ittoun Nuem" {protect, rN+}
 28894 | Spider:4 | Entered Level 4 of the Spider Nest
 29078 | Spider:4 | Reached skill level 10 in Dodging
 29111 | Spider:4 | Identified the amulet of Nixynehu {Faith Harm rPois rF-
                  | rN++}
 29329 | Spider:4 | Noticed Bai Suzhen
 29340 | Spider:4 | Killed Bai Suzhen
 29789 | Spider:4 | Got a gossamer rune of Zot
 30288 | Vaults:1 | Entered Level 1 of the Vaults
 30349 | Vaults:1 | Reached XP level 19. HP: 168/168 MP: 30/30
 30355 | Vaults:1 | Learned a level 4 spell: Olgreb's Toxic Radiance
 30355 | Vaults:1 | Reached XP level 20. HP: 176/176 MP: 31/31
 30557 | Vaults:1 | Reached skill level 5 in Poison Magic
 30761 | Vaults:1 | Reached XP level 21. HP: 159/182 MP: 32/32
 30941 | Vaults:1 | Noticed Zenata
 30951 | Vaults:1 | Killed Zenata
 31509 | Vaults:2 | Found the +3 greatsling "Punk" {acid, rCorr}
 31634 | Vaults:2 | Identified the +5 pair of gloves of the Sea {rElec rN++
                  | Will- rCorr}
 31634 | Vaults:2 | Noticed Nikola
 31653 | Vaults:2 | Killed Nikola
 31934 | Vaults:2 | Noticed Saint Roka
 31944 | Vaults:2 | Killed Saint Roka
 32019 | Vaults:2 | Noticed an ancient lich
 32043 | Vaults:2 | Killed an ancient lich
 32044 | Vaults:2 | Reached skill level 10 in Poison Magic
 32171 | Vaults:2 | Paralysed by a great orb of eyes for 2 turns
 32310 | Vaults:2 | Noticed Bidatih's ghost (adept MiBe)
 32317 | Vaults:2 | Noticed Feagond's ghost (adept HOMo)
 32327 | Vaults:2 | Found a transporter.
 32329 | Vaults:2 | Found a transporter.
 32329 | Vaults:2 | You are sucked into a shaft and drop 2 floors!
 32819 | Vaults:2 | Killed Bidatih's ghost
 32847 | Vaults:2 | Killed Feagond's ghost
 33200 | Vaults:3 | Noticed Margery
 33224 | Vaults:3 | HP: 9/182 [hell knight/bolt of fire[Margery] (14)]
 33496 | Vaults:3 | Reached XP level 22. HP: 87/190 MP: 33/33
 33554 | Abyss:3  | Cast into level 3 of the Abyss (a wizard)
 33659 | Abyss:3  | Got an abyssal rune of Zot
 33663 | Abyss:3  | Paralysed by accursed screaming for 2 turns
 33671 | Abyss:3  | Killed from afar by an oklob plant

Illustrated notes

Levels and vault maps discovered:
D:1:      dpeg_arrival_rhombus, layout_loops_ring,
          dreamdust_ecumenical_altar_hidden_monk_grotto, chequers_garden
D:2:      layout_loops_cross, kennysheep_generic_room_16
D:3:      layout_loops_ring, minmay_gold_behind_fungi,
          minmay_misc_feat_more_columns, nrook_mini_vaults
D:4:      layout_loops_ring
D:5:      layout_gridville, minmay_temple_entry_enclosed_plants
D:6:      layout_basic, nicolae_tso_swordbearing_angel
D:7:      layout_basic, gammafunk_temple_overflow_forgotten,
          serial_bayou_lagoon_a
D:8:      layout_loops_corners, grunt_temple_overflow_open,
          nicolae_lava_and_water, uniq_prince_ribbit1
D:9:      layout_loops_corners, erik_orc_3
D:10:     layout_loops_cross, david_lair_shrubbed, grunt_decor_fettered,
          uniq_maurice
D:11:     layout_loops_ring, serial_co_window_serial, co_window_paths_b,
          co_window_cross_1, co_window_corner_a, co_window_paths_b,
          co_window_paths_a, co_window_corner_a, co_window_paths_a,
          co_window_paths_b, co_window_corner_a, co_window_broadway_b,
          co_window_broadway_b, co_window_corner_b, glass_columns_c,
          glass_columns_b, glass_columns_c, glass_columns_a, glass_columns_a,
          chequers_guarded_unrand_ignorance, uniq_nergalle, uniq_sonja,
          uniq_psyche, uniq_erica
D:12:     kennysheep_demon_hangout, layout_loops_cross
D:13:     layout_loops_corners, grunt_vaults_entry_tiered, serial_shops, shop,
          uniq_frances
D:14:     layout_stronghold, minmay_crystal_water,
          nicolae_yredelemnul_corpse_copse
D:15:     gammafunk_enter_depths_forms, layout_rooms, serial_shops,
          nicolae_diamond_shop, hangedman_decor_lopped
Temple:   nicolae_temple_x_marks_the_god
Lair:1:   layout_cave_pods, grunt_megastairs_5, uniq_grum
Lair:2:   layout_regular_city, minmay_swamp_entry_wisps, spider_nest_entry_webs,
          st_stairs_9, minmay_lindwurm_lava, grunt_megastairs_4,
          lemuel_fruit_tree
Lair:3:   layout_roguey, grunt_forest_large_clearings, infiniplex_staircase_pool
Lair:4:   layout_regular_city, slime_entry_1, bobbens_dragon_lair_wall,
          grunt_megastairs_3
Lair:5:   gammafunk_lair_ancient_temple, layout_cave_shapes,
          serial_bayou_pond_c, infiniplex_staircase_pool_2
Swamp:1:  nicolae_swamp_decorative_isthmus, layout_falls_marsh,
          hangedman_swamp_pad, swamp_pool3, st_swamp_ruins_2
Swamp:2:  layout_basic_swamp, hangedman_swamp_diagram, uniq_louise
Swamp:3:  layout_basic_swamp, hangedman_swamp_blocks
Swamp:4:  swamp_basic_johnstein, layout_basic_swamp, swamp_pool5, ldierk_geyser
Spider:1: layout_cave_pods, special_room [special_room_bee], drop_trap,
          uniq_agnes
Spider:2: layout_spider_delve, nicolae_spider_twisty_arc_passages
Spider:3: layout_chambers, nicolae_spider_swamp_cousins
Spider:4: guppyfry_spider_rune, uniq_bai_suzhen
Orc:1:    nicolae_orc_accident_2, layout_caves, ebering_ghost_rock_garden
Orc:2:    st_orc_elflike, layout_caves
Vaults:1: vaults_room_fancy_cross, st_more_cells,
          vaults_room_grunt_arrival_checkpoint, vaults_room_grid,
          nicolae_vaults_asterisk, vaults_room_hallway, dpeg_vaults_monster_box,
          vaults_dpeg_spiral, vaults_room_boxed, v_misc_11, grunt_vaults_funnel,
          v_misc_13, vaults_room_corners, vaults_mumra_lcd, vaults_dpeg_cross,
          vaults_room_door_ring, layout_vaults_maze_bifur, uniq_zenata
Vaults:2: nzn_ghost_randoct, nicolae_vaults_circle_grid_b, vaults_dpeg_ring,
          vaults_mumra_minichess, v_misc_4, v_misc_3, ontoclasm_vaults_chip,
          vaults_standard_mumra_enter_the_diamond, layout_vaults_quadrants,
          uniq_saint_roka, uniq_nikola
Vaults:3: nicolae_vaults_network_square, v_misc_25, serial_ice_g,
          ontoclasm_vaults_fault, ontoclasm_vaults_shuriken,
          minmay_crypt_entry_simple_box, vaults_room_glass_cross,
          grunt_vaults_hallway_long, v_alt_pattern_2, hangedman_vaults_nails,
          grunt_vaults_hallway_long, nicolae_vaults_network_quinsquares
          [nicolae_vaults_network_quincunx_subvault,
          nicolae_vaults_network_quincunx_subvault,
          nicolae_vaults_network_quincunx_subvault,
          nicolae_vaults_network_quincunx_subvault], hangedman_vaults_hat,
          vaults_room_fours, vaults_dpeg_emergency_exit, vaults_room_pools,
          layout_vaults_omnicross, uniq_margery
Vaults:4: grunt_vaults_bifocal, nicolae_vaults_diagonal_hallway_9,
          nicolae_vaults_theta, nicolae_vaults_diagonal_hallway_7,
          nicolae_vaults_ninety_degrees, v_misc_8, v_misc_16,
          nicolae_vaults_windows_and_doors_thing, v_misc_4, v_rooms_4, v_misc_8,
          vaults_room_stairs_pillars, layout_vaults_big_room
Abyss:3:  base: D:1, base: Vaults:2, hangedman_decor_points,
          hangedman_abyss_or_decor_lesser_grid,
          guppyfry_abyss_exit_glass_guarded, spicy_pingpong_abyss_rune,
          spicy_pingpong_abyss_rune

Skill      XL: |  1  2  3  4  5  6  7  8  9 10 11 12 13 14 15 16 17 18 19 20 21 |
---------------+----------------------------------------------------------------+-----
Axes           | 3 4 6 7 9 11 14 15 16 17 18 19 21 | 21.8
Throwing       | 1 3 4 |  4.0
Fighting       | 5 7 9 10 11 12 13 14 | 14.7
Dodging        | 2 4 7 8 9 10 | 10.3
Invocations    | 2 6 9 11 12 14 15 16 17 | 17.0
Shields        | 4 6 8 10 11 12 13 14 | 14.9
Armour         | 4 6 8 10 11 13 | 13.1
Evocations     | 6 9 12 13 | 13.6
Poison Magic   | 3 6 12 | 12.9

Action                   |  1- 3 |  4- 6 |  7- 9 | 10-12 | 13-15 | 16-18 | 19-21 | 22-24 || total
-------------------------+-------+-------+-------+-------+-------+-------+-------+-------++-------
Melee: War axe           |    95 |    21 |       |     7 |    55 |   652 |       |       ||   830
       Headbutt          |    11 |     5 |    28 |    72 |   214 |   311 |   129 |    14 ||   784
       Hand axe          |       |    33 |   165 |   239 |       |       |       |       ||   437
       Broad axe         |       |       |       |   106 |   738 |   354 |   462 |    36 ||  1696
Throw: Stone             |       |       |    38 |     9 |       |       |       |       ||    47
       Javelin           |       |       |     8 |     6 |       |       |       |       ||    14
       Dart              |       |       |     2 |     8 |       |     3 |       |       ||    13
       Boomerang         |       |       |       |     4 |       |       |     7 |       ||    11
 Cast: Olgreb's Toxic Ra |       |       |       |       |       |       |     1 |       ||     1
Invok: Slouch            |       |       |       |       |     4 |    17 |    12 |     4 ||    37
       Step From Time    |       |       |       |       |     1 |     3 |     2 |       ||     6
  Use: Potion            |       |     4 |       |     3 |     7 |    11 |     4 |     2 ||    31
       Scroll            |       |     3 |     6 |    16 |    13 |    10 |     3 |     4 ||    55
 Stab: Sleeping          |       |       |     4 |    14 |    16 |    13 |       |       ||    47
       Distracted        |       |       |       |     1 |     2 |     6 |       |       ||     9
       Confused          |       |       |       |       |       |     2 |       |       ||     2
Armor: Scale mail        |    38 |     9 |       |       |       |       |       |       ||    47
       Shadow dragon sca |       |    10 |    55 |   167 |   440 |   340 |       |       ||  1012
       Storm dragon scal |       |       |       |       |       |    72 |   152 |    44 ||   268
Dodge: Dodged            |    39 |    12 |    35 |   162 |   539 |   431 |   130 |    28 ||  1376
Block: Buckler           |    15 |     9 |    24 |    90 |   178 |       |       |       ||   316
       Tower shield      |       |       |       |       |   585 |  1532 |   641 |    72 ||  2830
